 Adventure DCSS version bcrawl-1.18.1 (webtiles) character file.

Game seed: 11128464238199336744

234 Leeroy the Slasher (level 5, -9/32 HPs)
             Began as a Skeleton Reaver on Nov 11, 2019.
             Was a Believer of Vehumet.
             Mangled by a gnoll sergeant
             ... wielding a +5 vampiric spear
              (13 damage)
             ... on level 5 of the Dungeon.
             The game lasted 00:08:42 (4766 turns).

Leeroy the Slasher (Skeleton Reaver)                Turns: 4766, Time: 00:08:42

Health: -9/32      AC:  5    Str: 18      XL:     5   Next: 75%
Magic:  0/9        EV: 12    Int: 12 (13) God:    Vehumet [**....]
Gold:   165        SH:  1    Dex:  8      Spells: 0/10 levels left
                                        Lives:  0   Deaths: 2

rFire    . . .     SeeInvis .   a - +0 long sword
rCold    + . .     Gourm    .   (no shield)
rNeg     + + +     Faith    .   b - +0 steam dragon scales
rPois    ∞         Spirit   +   (no helmet)
rElec    .         Reflect  .   (no cloak)
rCorr    .         Harm     .   (no gloves)
MR       .....                  (no boots)
Stlth    +.........             (no amulet)
HPRegen  0.10/turn              (no ring)
MPRegen  0.11/turn              (no ring)

@: no status effects
A: no food or potions, cold resistance 1, deterioration 1, negative energy
resistance 3, powered by death 1, torment resistance, unbreathing, magic shield,
sturdy frame 1, spell healing
a: Renounce Religion


You were on level 5 of the Dungeon.
You worshipped Vehumet.
Vehumet was pleased with you.
You were not hungry.

You visited 1 branch of the dungeon, and saw 5 of its levels.

You collected 465 gold pieces.
You spent 300 gold pieces at shops.

Inventory:

Hand Weapons
 a - a +0 long sword (weapon)
 f - a +0 dagger
 j - a +0 falchion
 q - a +0 trident
 r - a +0 shortbow
Missiles
 h - 876 stones (quivered)
 l - 409 arrows
 p - 46 tomahawks
Armour
 b - +0 steam dragon scales (worn)
 g - a +0 pair of boots
Jewellery
 m - a cursed ring of attention {unknown}
Wands
 s - a wand of enslavement (5)
Scrolls
 c - a scroll of immolation
 d - a scroll of noise {unknown}
 e - a scroll of enchant weapon {unknown}
 i - a scroll of remove curse
 k - 3 scrolls of teleportation {unknown}
 n - 3 scrolls of identify {unknown}
 o - a scroll of magic mapping {unknown}


   Skills:
 - Level 3.0 Fighting
 - Level 7.1 Long Blades
 - Level 3.0 Dodging
 - Level 3.0 Spellcasting
 + Level 6.5 Conjurations
 - Level 1.3 Air Magic


You couldn't memorise any spells.
You knew the following spells:

 Your Spells              Type           Power        Failure   Level  Hunger
a - Magic Dart            Conj           ###.         1%          1    N/A
b - Shock                 Conj/Air       ##...        1%          1    N/A
c - Iskenderun's Battles  Conj/Chrm      #.......     41%         5    N/A
d - Dazzling Spray        Conj/Hex       #.....       5%          3    N/A
e - Corona                Hex            #......      24%         1    N/A

Your spell library contained the following spells:

 Spells                   Type           Power        Failure   Level  Hunger
 Ensorcelled Hibernation  Hex/Ice        #.....       36%         2    N/A
 Confuse                  Hex            #.......     58%         3    N/A
 Tukima's Dance           Hex            #.......     58%         3    N/A

Dungeon Overview and Level Annotations

Branches:
Dungeon (5/12)
 Temple: D:4-7

Altars:
Cheibriados
Dithmenos
Elyvilon
Gozag
Kikubaaqudgha
Nemelex Xobeh
Okawaru
Uskayaw
Wu Jian
Yredelemnul

Shops:
D:4 (   D:5 :


Innate Abilities, Weirdness & Mutations

You do not eat or drink.
You are immune to poison.
Your flesh is cold resistant. (rC+)
Your body sometimes deteriorates upon taking damage.
You are immune to negative energy. (rN+++)
You regenerate a little health from kills.
You are immune to unholy pain and torment.
You can survive without breathing.
When hurt, damage is shared between your health and your magic reserves.
Your movements are slightly less encumbered by armour. (ER -2)
Casting spells heals you.


Message History

The gnoll sergeant hits you from afar with a +5 vampiric spear!
The gnoll sergeant hits you with a +5 vampiric spear.
You closely miss the gnoll sergeant.
The gnoll sergeant is heavily wounded.
The gnoll sergeant closely misses you.
You hit the gnoll sergeant.
The gnoll sergeant is severely wounded.
The gnoll sergeant hits you with a +5 vampiric spear.
* * * LOW HITPOINT WARNING * * *
You hit the gnoll sergeant but do no damage.
The gnoll sergeant is severely wounded.
The gnoll sergeant barely misses you.
You hit the gnoll sergeant.
The gnoll sergeant is severely wounded.
The gnoll sergeant hits you with a +5 vampiric spear.
* * * LOW HITPOINT WARNING * * *
You hit the gnoll sergeant but do no damage.
The gnoll sergeant is severely wounded.
The gnoll sergeant hits you with a +5 vampiric spear!
You die...

# #.# #.# #.# #.......# ## #.#
#.# #.# #.####### .###.#### #.#
#.# #.# ........# ##.###.# #.#
.###.##.#####...##.# #.#
####.##(...........### #.########
.....########...##...###.........
###### ##.###.#............. #
#..@g...........#### ######
##.##.####.####.# # .....# #.##.#
#.# #.# # ####.# #.##.# #.#
#.#### #.# #.##.# #.# #.....
#.##########%##.# #.# ######
#..............!# #.# #
############.#### #.# # #.# #.# #


You could see a gnoll sergeant.

Vanquished Creatures
  A sky beast (D:4)
  A phantom (D:4)
  2 centaurs
  A scorpion (D:5)
  A bullfrog zombie (D:5)
  An orc wizard (D:3)
  Jessica (D:3)
  A worker ant (D:3)
  4 adders
  An ooze (D:4)
  3 worms (D:2)
  2 dart slugs (D:3)
  3 leopard geckos
  9 orcs (D:3)
  2 giant cockroaches (D:3)
  3 goblins
  6 hobgoblins
  2 jackals (D:4)
  8 kobolds
  3 quokkas
  2 ball pythons
  5 bats
  5 frilled lizards
  8 rats
75 creatures vanquished.

Notes
Turn   | Place    | Note
-------+----------+-------------------------------------------
     0 | D:1      | Leeroy the Skeleton Reaver began the quest for the Orb.
     0 | D:1      | Reached XP level 1. HP: 14/14 MP: 4/4
    51 | D:1      | Reached skill level 4 in Long Blades
    90 | D:1      | Reached XP level 2. HP: 14/19 MP: 6/6
  1068 | D:2      | Reached skill level 5 in Long Blades
  1115 | D:2      | Found a sparkling altar of Nemelex Xobeh.
  1142 | D:2      | Reached * piety under Vehumet
  1142 | D:2      | Offered knowledge of Magic Dart by Vehumet.
  1145 | D:2      | Learned a level 1 spell: Magic Dart
  1239 | D:2      | Reached XP level 3. HP: 23/23 MP: 5/7
  1927 | D:3      | Reached XP level 4. HP: 27/28 MP: 6/8
  1939 | D:3      | Reached skill level 6 in Long Blades
  2210 | D:3      | Found a shadowy altar of Dithmenos.
  2220 | D:3      | Found an ancient bone altar of Kikubaaqudgha.
  2221 | D:3      | Found an iron altar of Okawaru.
  2221 | D:3      | Found an opulent altar of Gozag.
  2221 | D:3      | Found a snail-covered altar of Cheibriados.
  2238 | D:3      | Found a hide-covered altar of Uskayaw.
  2239 | D:3      | Found an ornate altar of the Wu Jian Council.
  2264 | D:3      | Noticed Jessica
  2281 | D:3      | Killed Jessica
  2281 | D:3      | Reached skill level 7 in Long Blades
  2281 | D:3      | Reached XP level 5. HP: 30/32 MP: 6/9
  2553 | D:3      | Reached skill level 1 in Conjurations
  2828 | D:4      | Reached ** piety under Vehumet
  2877 | D:4      | Offered knowledge of Shock by Vehumet.
  2884 | D:4      | Learned a level 1 spell: Shock
  2890 | D:4      | Learned a level 5 spell: Iskenderun's Battlesphere
  2895 | D:4      | Found Ymyer's Weapon Shop.
  2968 | D:4      | Found a shadowy altar of Dithmenos.
  2991 | D:4      | Noticed a phantom
  3020 | D:4      | Killed a phantom
  3020 | D:4      | Gained mutation: You regenerate a little health from kills.
                  | [Skeleton growth]
  3020 | D:4      | Reached XP level 6. HP: 32/37 MP: 3/10
  3069 | D:4      | Noticed a sky beast
  3084 | D:4      | Reached skill level 1 in Air Magic
  3110 | D:4      | HP: 1/37 [something (1)]
  3110 | D:4      | Slain by a sky beast
  3111 | D:4      | Reached XP level 5. HP: -4/32 MP: 0/9
  3119 | D:4      | Killed a sky beast
  3119 | D:4      | Reached skill level 5 in Conjurations
  3119 | D:4      | Reached XP level 6. HP: 37/37 MP: 8/10
  3133 | D:4      | Found a basalt altar of Yredelemnul.
  3441 | D:5      | Entered Level 5 of the Dungeon
  3543 | D:5      | Found Ynup Xeph's Book Boutique.
  3548 | D:5      | Bought a book of Maledictions for 300 gold pieces
  3552 | D:5      | Learned a level 3 spell: Dazzling Spray
  3843 | D:5      | Learned a level 1 spell: Corona
  3996 | D:5      | Found a white marble altar of Elyvilon.
  4683 | D:5      | Slain by a gnoll sergeant
  4684 | D:5      | Reached XP level 5. HP: -2/32 MP: 0/9
  4766 | D:5      | Mangled by a gnoll sergeant

Skill      XL: |  1  2  3  4  5  6 |
---------------+-------------------+-----
Long Blades    | 4 5 7 |  7.1
Conjurations   | 5 6 |  6.5
Air Magic      | 1 |  1.3
Fighting       | |  3.0
Dodging        | |  3.0
Spellcasting   | |  3.0

Action                   |  1- 3 |  4- 6 || total
-------------------------+-------+-------++-------
Melee: Long sword        |   150 |   179 ||   329
 Cast: Magic Dart        |    14 |    30 ||    44
       Shock             |       |     5 ||     5
       Dazzling Spray    |       |     4 ||     4
       Corona            |       |     2 ||     2
  Use: Scroll            |       |     1 ||     1
Armor: Steam dragon scal |    59 |    46 ||   105
Dodge: Dodged            |   112 |    89 ||   201
Block: Other             |       |     3 ||     3
